PBL
ROSWELL INVADERS @ JOPLIN BLASTERS
09/29/2047
 
TOP OF THE 1ST
Roswell Invaders batting - Pitching for Joplin Blasters : RHP Chris McCade
Pitching: RHP Chris McCade
Batting: RHB Mike Smith 0-0: Called Strike
0-1: Foul Ball, location: 2F
0-2: Ball
1-2: Strikes out swinging
Batting: RHB Juan Mejia 0-0: Called Strike
0-1: Ball
1-1: Swinging Strike
1-2: Foul Ball, location: 2F
1-2: Ball
2-2: SINGLE (Groundball, 34D, EV 103.1 MPH)
Batting: LHB Falco van Koeveringe 0-0: Swinging Strike
0-1: Swinging Strike
0-2: Foul Ball, location: 2F
0-2: Foul Ball, location: 2F
0-2: Ball
1-2: Hit by Pitch
Juan Mejia to second
Batting: RHB Homer Petropoulos 0-0: Called Strike
0-1: Swinging Strike
0-2: SINGLE (Groundball, 4M, EV 106.2 MPH) (infield hit)
Juan Mejia to third
Falco van Koeveringe to second
Batting: RHB Hidemitsu Matsuno 0-0: Called Strike
0-1: Foul Ball, location: 2F
0-2: Strikes out swinging
Batting: LHB Angelo Lira 0-0: Called Strike
0-1: Fielders Choice at 2nd, U6 (Groundball, 6M, EV 83.8 MPH)
Top of the 1st over - 0 runs, 2 hits, 0 errors, 3 left on base; Roswell 0 - Joplin 0
BOTTOM OF THE 1ST
Joplin Blasters batting - Pitching for Roswell Invaders : RHP D.J. Bryant
Pitching: RHP D.J. Bryant
Batting: RHB Shura Mogilny 0-0: Called Strike
0-1: Fly out, F9 (Flyball, 9, EV 86.9 MPH)
Batting: RHB David Rubio 0-0: Foul Ball, location: 2F
0-1: Foul Ball, location: 2F
0-2: Ball
1-2: Foul Ball, location: 2F
1-2: Strikes out swinging
Batting: RHB Masakuni Takeuchi 0-0: Called Strike
0-1: Swinging Strike
0-2: Ball
1-2: Ball
2-2: Ball
3-2: SOLO HOME RUN (Flyball, 7LD, EV 90.0 MPH), Distance : 329 ft
Batting: RHB Nick Moore 0-0: Ball
1-0: Ball
2-0: Called Strike
2-1: Ground out 5-3 (Groundball, 56S, EV 91.2 MPH)
Bottom of the 1st over - 1 run, 1 hit, 0 errors, 0 left on base; Roswell 0 - Joplin 1
TOP OF THE 2ND
Roswell Invaders batting - Pitching for Joplin Blasters : RHP Chris McCade
Batting: RHB Carlos Gonzalez 0-0: Ball
1-0: Foul Ball, location: 2F
1-1: Called Strike
1-2: Ground out 5-3 (Groundball, 56, EV 93.8 MPH)
Batting: LHB Andrew Moore 0-0: Called Strike
0-1: Called Strike
0-2: Ball
1-2: Strikes out looking
Batting: RHB Dave Beerman 0-0: Called Strike
0-1: Ball
1-1: Ball
2-1: Foul Ball, location: 2F
2-2: Strikes out swinging
Top of the 2nd over - 0 runs, 0 hits, 0 errors, 0 left on base; Roswell 0 - Joplin 1
BOTTOM OF THE 2ND
Joplin Blasters batting - Pitching for Roswell Invaders : RHP D.J. Bryant
Batting: LHB Jayden Pelayo 0-0: Ground out 4-3 (Groundball, 4, EV 83.1 MPH)
Batting: RHB Juan Nieves 0-0: Ball
1-0: Ground out 6-3 (Groundball, 56, EV 86.9 MPH)
Batting: RHB Dermott Ayliffe 0-0: Called Strike
0-1: Fly out, F4 (Line Drive, 4, EV 70.0 MPH)
Bottom of the 2nd over - 0 runs, 0 hits, 0 errors, 0 left on base; Roswell 0 - Joplin 1
TOP OF THE 3RD
Roswell Invaders batting - Pitching for Joplin Blasters : RHP Chris McCade
Batting: RHB Mike Smith 0-0: Foul Ball, location: 2F
0-1: Foul Ball, location: 2F
0-2: Foul Ball, location: 2F
0-2: Strikes out swinging, 2-3 out at first.
Batting: RHB Juan Mejia 0-0: Called Strike
0-1: Ball
1-1: Swinging Strike
1-2: Foul Ball, location: 2F
1-2: Ball
2-2: Ball
3-2: Strikes out swinging
Batting: LHB Falco van Koeveringe 0-0: Called Strike
0-1: Ball
1-1: Called Strike
1-2: Ball
2-2: Strikes out swinging, 2-3 out at first.
Top of the 3rd over - 0 runs, 0 hits, 0 errors, 0 left on base; Roswell 0 - Joplin 1
BOTTOM OF THE 3RD
Joplin Blasters batting - Pitching for Roswell Invaders : RHP D.J. Bryant
Batting: SHB Glenn Harrison 0-0: Called Strike
0-1: Ball
1-1: Foul Ball, location: 2F
1-2: Ball
2-2: Fly out, F8 (Flyball, 8LD, EV 90.0 MPH)
Batting: RHB Robert Carlos 0-0: Called Strike
0-1: Ball
1-1: Called Strike
1-2: Fly out, F8 (Flyball, 8LD, EV 101.9 MPH)
Batting: RHB Shura Mogilny 0-0: Called Strike
0-1: Foul Ball, location: 2F
0-2: Ball
1-2: Strikes out swinging
Bottom of the 3rd over - 0 runs, 0 hits, 0 errors, 0 left on base; Roswell 0 - Joplin 1
TOP OF THE 4TH
Roswell Invaders batting - Pitching for Joplin Blasters : RHP Chris McCade
Batting: RHB Homer Petropoulos 0-0: Ball
1-0: Foul Ball, location: 2F
1-1: Ball
2-1: Fly out, F8 (Line Drive, 8LD, EV 89.4 MPH)
Batting: RHB Hidemitsu Matsuno 0-0: Ball
1-0: Foul Ball, location: 2F
1-1: SOLO HOME RUN (Flyball, 78XD, EV 102.5 MPH), Distance : 415 ft
Batting: LHB Angelo Lira 0-0: Ball
1-0: Called Strike
1-1: Ground out 4-3 (Groundball, 4, EV 78.8 MPH)
Batting: RHB Carlos Gonzalez 0-0: Ball
1-0: Ball
2-0: Ball
3-0: Called Strike
3-1: Fly out, F8 (Line Drive, 89M, EV 89.4 MPH)
Top of the 4th over - 1 run, 1 hit, 0 errors, 0 left on base; Roswell 1 - Joplin 1
BOTTOM OF THE 4TH
Joplin Blasters batting - Pitching for Roswell Invaders : RHP D.J. Bryant
Batting: RHB David Rubio 0-0: Ball
1-0: Called Strike
1-1: Called Strike
1-2: Foul Ball, location: 2F
1-2: Ball
2-2: Fly out, F8 (Flyball, 89M, EV 84.4 MPH)
Batting: RHB Masakuni Takeuchi 0-0: Ground out 5-3 (Groundball, 56S, EV 85.6 MPH)
Batting: RHB Nick Moore 0-0: Ball
1-0: Called Strike
1-1: SOLO HOME RUN (Flyball, 7LD, EV 95.0 MPH), Distance : 330 ft
Batting: LHB Jayden Pelayo 0-0: Ball
1-0: Called Strike
1-1: Swinging Strike
1-2: Foul Ball, location: 2F
1-2: Hit by Pitch
Batting: RHB Juan Nieves 0-0: Foul Ball, location: 2F
0-1: Ball
1-1: Foul Ball, location: 2F
1-2: SINGLE (Line Drive, 9LS, EV 103.8 MPH)
Jayden Pelayo to second
Batting: RHB Dermott Ayliffe 0-0: Reached on error, E5 (Groundball, 5D, EV 89.4 MPH)
Jayden Pelayo to third
Juan Nieves to second
Batting: SHB Glenn Harrison 0-0: GRAND SLAM HOME RUN (Flyball, 9D, EV 100.0 MPH), Distance : 400 ft
Batting: RHB Robert Carlos 0-0: Ground out 6-3 (Groundball, 56, EV 84.4 MPH)
Bottom of the 4th over - 5 runs, 3 hits, 1 error, 0 left on base; Roswell 1 - Joplin 6
TOP OF THE 5TH
Roswell Invaders batting - Pitching for Joplin Blasters : RHP Chris McCade
Batting: LHB Andrew Moore 0-0: Called Strike
0-1: Called Strike
0-2: Ball
1-2: Strikes out swinging
Batting: RHB Dave Beerman 0-0: Fly out, F8 (Flyball, 8LM, EV 91.2 MPH)
Batting: RHB Mike Smith 0-0: Swinging Strike
0-1: Foul Ball, location: 2F
0-2: Ball
1-2: Ball
2-2: Ball
3-2: Base on Balls
Batting: RHB Juan Mejia 0-0: Ball
Mike Smith steals 2nd base
1-0: Ball
2-0: Called Strike
2-1: Ball
3-1: Foul Ball, location: 2F
3-2: Foul Ball, location: 2F
3-2: Fly out, F9 (Line Drive, 9S, EV 105.0 MPH)
Top of the 5th over - 0 runs, 0 hits, 0 errors, 1 left on base; Roswell 1 - Joplin 6
BOTTOM OF THE 5TH
Joplin Blasters batting - Pitching for Roswell Invaders : RHP D.J. Bryant
Batting: RHB Shura Mogilny 0-0: Fly out, F8 (Flyball, 8RD, EV 91.2 MPH)
Batting: RHB David Rubio 0-0: Ball
1-0: SOLO HOME RUN (Flyball, 7D, EV 95.0 MPH), Distance : 371 ft
Pitching: RHP Daryl Blair
Batting: RHB Masakuni Takeuchi 0-0: SOLO HOME RUN (Line Drive, 78XD, EV 115.0 MPH), Distance : 427 ft
Batting: RHB Nick Moore 0-0: Ball
1-0: Ball
2-0: Ball
3-0: Foul Ball, location: 2F
3-1: SINGLE (Groundball, 4D, EV 100.6 MPH)
Batting: LHB Jayden Pelayo 0-0: Ball
1-0: Swinging Strike
1-1: Ball
2-1: Fly out, F3 (Line Drive, 34, EV 61.2 MPH)
Batting: RHB Juan Nieves 0-0: Swinging Strike
0-1: Ball
1-1: Foul Ball, location: 2F
1-2: Strikes out swinging
Bottom of the 5th over - 2 runs, 3 hits, 0 errors, 1 left on base; Roswell 1 - Joplin 8
TOP OF THE 6TH
Roswell Invaders batting - Pitching for Joplin Blasters : RHP Chris McCade
Pitching: LHP Omar Nogueira
Batting: LHB Falco van Koeveringe 0-0: Foul Ball, location: 2F
0-1: Ball
1-1: Ball
2-1: Ball
3-1: Called Strike
3-2: SOLO HOME RUN (Line Drive, 9LD, EV 102.5 MPH), Distance : 380 ft
Batting: RHB Homer Petropoulos 0-0: Ball
1-0: Ball
2-0: Ball
3-0: Base on Balls
Batting: RHB Hidemitsu Matsuno 0-0: Ball
1-0: Called Strike
1-1: Called Strike
1-2: Ball
2-2: Ball
3-2: Strikes out swinging
Batting: LHB Angelo Lira 0-0: Ball
1-0: Foul Ball, location: 2F
1-1: Ball
2-1: Swinging Strike
2-2: Foul Ball, location: 2F
2-2: Fielders Choice at 2nd, 6-4 (Groundball, 6, EV 83.1 MPH)
Batting: RHB Carlos Gonzalez 0-0: Called Strike
Angelo Lira steals 2nd base
0-1: SINGLE (Line Drive, 5D, EV 94.4 MPH)
Angelo Lira to third
Runner from 3rd tries for Home, SAFE, throw by LF to home
Batting: LHB Andrew Moore 0-0: Ball
1-0: Foul Ball, location: 2F
1-1: Foul Ball, location: 2F
1-2: Foul Ball, location: 2F
1-2: Strikes out swinging
Top of the 6th over - 2 runs, 2 hits, 0 errors, 1 left on base; Roswell 3 - Joplin 8
BOTTOM OF THE 6TH
Joplin Blasters batting - Pitching for Roswell Invaders : RHP Daryl Blair
Batting: RHB Dermott Ayliffe 0-0: Called Strike
0-1: Ground out 6-3 (Groundball, 6, EV 103.8 MPH)
Batting: SHB Glenn Harrison 0-0: Ball
1-0: Ground out 6-3 (Groundball, 4M, EV 86.2 MPH)
Batting: RHB Robert Carlos 0-0: Ball
1-0: Called Strike
1-1: Ball
2-1: Called Strike
2-2: Fly out, F7 (Line Drive, 78M, EV 91.2 MPH)
Bottom of the 6th over - 0 runs, 0 hits, 0 errors, 0 left on base; Roswell 3 - Joplin 8
TOP OF THE 7TH
Roswell Invaders batting - Pitching for Joplin Blasters : LHP Omar Nogueira
Batting: RHB Dave Beerman 0-0: Ball
1-0: Ground out 6-3 (Groundball, 6, EV 103.1 MPH)
Batting: RHB Mike Smith 0-0: Called Strike
0-1: Called Strike
0-2: Ball
1-2: Fly out, F7 (Flyball, 7, EV 86.9 MPH)
Batting: RHB Juan Mejia 0-0: Ball
1-0: Called Strike
1-1: Ball
2-1: Ball
3-1: Ground out 4-3 (Groundball, 4MD, EV 95.6 MPH)
Top of the 7th over - 0 runs, 0 hits, 0 errors, 0 left on base; Roswell 3 - Joplin 8
BOTTOM OF THE 7TH
Joplin Blasters batting - Pitching for Roswell Invaders : RHP Daryl Blair
Batting: RHB Shura Mogilny 0-0: Fly out, F4 (Line Drive, 4MD, EV 64.4 MPH)
Batting: RHB David Rubio 0-0: SINGLE (Line Drive, 3D, EV 96.9 MPH)
Batting: RHB Masakuni Takeuchi 0-0: Called Strike
0-1: Swinging Strike
0-2: Ball
1-2: Strikes out swinging
Batting: RHB Nick Moore 0-0: Foul Ball, location: 2F
0-1: Ball
1-1: Swinging Strike
1-2: Foul Ball, location: 2F
1-2: Fly out, F4 (Popup, 4M, EV 65.6 MPH)
Bottom of the 7th over - 0 runs, 1 hit, 0 errors, 1 left on base; Roswell 3 - Joplin 8
TOP OF THE 8TH
Roswell Invaders batting - Pitching for Joplin Blasters : LHP Omar Nogueira
Batting: LHB Falco van Koeveringe 0-0: Ball
1-0: Ball
2-0: Ball
3-0: Base on Balls
Pitching: LHP Tristan Irwin
Batting: RHB Homer Petropoulos 0-0: Ball
1-0: Foul Ball, location: 2F
1-1: Swinging Strike
1-2: Foul Ball, location: 2F
1-2: Ball
2-2: Strikes out looking
Batting: RHB Hidemitsu Matsuno 0-0: Called Strike
0-1: Fly out, F7 (Line Drive, 7LS, EV 90.6 MPH)
Batting: LHB Angelo Lira 0-0: Ball
1-0: Ball
2-0: Foul Ball, location: 2F
2-1: SINGLE (Line Drive, 8RS, EV 112.5 MPH)
Falco van Koeveringe to second
Batting: RHB Carlos Gonzalez 0-0: Called Strike
0-1: Swinging Strike
0-2: Strikes out swinging
Top of the 8th over - 0 runs, 1 hit, 0 errors, 2 left on base; Roswell 3 - Joplin 8
BOTTOM OF THE 8TH
Joplin Blasters batting - Pitching for Roswell Invaders : RHP Daryl Blair
Batting: LHB Jayden Pelayo 0-0: Called Strike
0-1: Swinging Strike
0-2: Strikes out swinging
Batting: RHB Juan Nieves 0-0: Ball
1-0: Fly out, F8 (Flyball, 8RM, EV 75.6 MPH)
Batting: RHB Dermott Ayliffe 0-0: Called Strike
0-1: Ball
1-1: Fly out, F8 (Line Drive, 8RM, EV 89.4 MPH)
Bottom of the 8th over - 0 runs, 0 hits, 0 errors, 0 left on base; Roswell 3 - Joplin 8
TOP OF THE 9TH
Roswell Invaders batting - Pitching for Joplin Blasters : LHP Tristan Irwin
Pinch Hitting: LHB Ivan Cortez 0-0: Foul Ball, location: 2F
0-1: Ground out 4-3 (Groundball, 34D, EV 78.8 MPH)
Pinch Hitting: RHB Benjie Alejandro 0-0: Called Strike
0-1: Ball
1-1: Ball
2-1: Called Strike
2-2: Foul Ball, location: 2F
2-2: Strikes out swinging
Batting: RHB Mike Smith 0-0: Called Strike
0-1: Ball
1-1: Ball
2-1: Swinging Strike
2-2: Ball
3-2: Base on Balls
Batting: RHB Juan Mejia 0-0: Called Strike
0-1: Foul Ball, location: 2F
0-2: Ball
1-2: Foul Ball, location: 2F
1-2: Strikes out swinging
Top of the 9th over - 0 runs, 0 hits, 0 errors, 1 left on base; Roswell 3 - Joplin 8
Thursday, December 15th , 2022 - OOTP Baseball 23.9 Build 102